 Dungeon Crawl Stone Soup version 0.31-a0-700-gf13585253f (webtiles) character file.

Game seed: 9730264563023722989

154 Dirtsage the Ruffian (level 5, -4/49 HPs)
             Began as a Troll Shapeshifter on Sept 7, 2023.
             Slain by Joseph
             ... wielding a +0 quarterstaff
              (14 damage)
             ... on level 7 of the Dungeon.
             The game lasted 00:04:46 (2125 turns).

Dirtsage the Ruffian (Troll Shapeshifter)           Turns: 2125, Time: 00:04:46

Health: -4/49      AC:  4    Str: 22    XL:     5   Next: 13%
Magic:  4/4        EV:  9    Int:  8    God:
Gold:   123        SH:  0    Dex:  9    Spells: 4/4 levels left

rFire   . .          .
                       - Unarmed
rCold   . . .        (no shield)
rNeg    . . .        a - +0 animal skin
rPois   .            (helmet currently unavailable)
rElec   .            (cloak currently unavailable)
rCorr   +            (gloves unavailable)
SInv    .            (boots unavailable)
Will    .....        m - amulet of the acrobat
Stlth   +            C - ring of resist corrosion
HPRegen 1.08/turn    (no ring)
MPRegen 0.09/turn

%: acrobat
@: beast-form
A: beast (slay +2), large, unfitting armour, claws 3, regeneration 1, shaggy fur
1, tough skin 1
a: Begin Untransformation


You were on level 7 of the Dungeon.
You were a hulking beast.
You visited 1 branch of the dungeon, and saw 5 of its levels.

You collected 123 gold pieces.

Inventory:

Armour
 a - a +0 animal skin (worn)
 r - a scarf of shadows
Jewellery
 k - an amulet of guardian spirit
 m - an amulet of the acrobat (around neck)
 C - a ring of resist corrosion (left claw)
Talismans
 c - a beast talisman (active)
 d - a flux talisman
Wands
 p - a wand of acid (4)
Scrolls
 e - a scroll of amnesia {unknown}
 f - a scroll of enchant weapon {unknown}
 j - 4 scrolls of blinking {unknown}
 l - a scroll of teleportation {unknown}
 n - a scroll of identify {unknown}
 o - a scroll of acquirement {unknown}
Potions
 b - 3 potions of lignification
 g - a potion of attraction {unknown}
 h - a potion of curing {unknown}
 i - 2 potions of haste {unknown}
 q - a potion of might {unknown}


   Skills:
 + Level 2.1 Fighting
 - Level 1.5 Dodging
 * Level 4.6 Unarmed Combat
 + Level 3.7 Shapeshifting


You had 4 spell levels left.
You didn't know any spells.
Your spell library contained the following spells:

 Spells                   Type           Power      Damage    Failure   Level
 Kiss of Death            Conj/Necr      0%         2d5       41%         1
 Slow                     Hex            0%         N/A       41%         1
 Lesser Beckoning         Tloc           0%         N/A       54%         2
 Confusing Touch          Hex            0%         N/A       78%         3
 Gell's Gravitas          Tloc           0%         N/A       78%         3
 Sigil of Binding         Hex            0%         N/A       78%         3
 Teleport Other           Tloc           0%         N/A       78%         3
 Vampiric Draining        Necr           0%         2d6       78%         3
 Dispel Undead            Necr           0%         3d6       99%         4


Dungeon Overview and Level Annotations

Branches:
Dungeon (4/15)
 Temple: D:4-7

Altars:

Shops:
D:2 !

Annotations:
D:7 Joseph


Innate Abilities, Weirdness & Mutations

You are a hulking beast.
Your limbs bulge with bestial killing power. (Slay +2)
You are too large for most types of armour.
You have claws for hands.
Your natural rate of healing is unusually fast.
You are covered in fur. (AC +1)
You have tough skin. (AC +1)


Message History

Joseph unwields a +0 sling.
Joseph wields a +0 quarterstaff.
Joseph hits you but does no damage.
You closely miss Joseph. Joseph hits you with a +0 quarterstaff!
You take 15 damage, and have 34/49 hp.
MASSIVE DAMAGE!!
You claw Joseph!
Joseph is moderately wounded.
Joseph hits you with a +0 quarterstaff!
You take 14 damage, and have 20/49 hp.
MASSIVE DAMAGE!!
You scratch Joseph but do no damage.
Joseph is moderately wounded.
Joseph hits you with a +0 quarterstaff.
You barely miss Joseph.
Joseph is moderately wounded.
Joseph hits you with a +0 quarterstaff.
You take 1 damage, and have 19/49 hp.
You claw Joseph!
Joseph is moderately wounded.
Joseph barely misses you.
You closely miss Joseph.
Joseph is moderately wounded.
Joseph hits you with a +0 quarterstaff.
You take 1 damage, and have 19/49 hp.
You claw Joseph!
Joseph is heavily wounded.
Joseph hits you with a +0 quarterstaff!
* * * LOW HITPOINT WARNING * * *
You take 13 damage, and have 6/49 hp.
MASSIVE DAMAGE!!
You claw Joseph!
Joseph is heavily wounded.
Joseph shouts, "At last, some action!"
Joseph barely misses you.
You barely miss Joseph.
Joseph is heavily wounded.
You scratch Joseph.
Joseph is severely wounded.
Joseph closely misses you.
You claw Joseph!
Joseph is almost dead.
Joseph hits you with a +0 quarterstaff!
You die...

...... #.#.#.#
.....#####.#.#.#
#.####.@.......#.#
#......)...#...#.#
#?####..##.#.....#
.....##.....###
.......#####.##
######.#####@#
#.$...h.#
#########


You could see Joseph.

Vanquished Creatures
  Ijyb (D:3)
  3 gnolls (D:3)
  3 adders
  A shadow imp (D:7)
  A worm (D:2)
  A dart slug (D:1)
  2 orcs (D:3)
  An endoplasm (D:1)
  A giant cockroach (D:2)
  5 goblins
  7 hobgoblins
  8 jackals
  4 quokkas
  4 ball pythons
  6 bats
  2 frilled lizards
  4 kobolds
  4 rats
58 creatures vanquished.

Notes
Turn   | Place    | Note
-------+----------+-------------------------------------------
     0 | D:1      | Dirtsage the Troll Shapeshifter began the quest for the
                  | Orb.
     0 | D:1      | Reached XP level 1. HP: 18/18 MP: 0/0
    38 | D:1      | Reached skill level 1 in Fighting
    57 | D:1      | Reached XP level 2. HP: 26/27 MP: 1/1
   820 | D:2      | Reached XP level 3. HP: 30/33 MP: 2/2
   840 | D:2      | Found Jaekiub's Distillery.
  1516 | D:3      | Reached skill level 4 in Unarmed Combat
  1620 | D:3      | Reached XP level 4. HP: 37/41 MP: 3/3
  1795 | D:3      | Noticed Ijyb
  1798 | D:3      | Killed Ijyb
  2041 | D:4      | Reached XP level 5. HP: 49/49 MP: 4/4
  2082 | D:4      | You fall into a shaft and drop 3 floors!
  2098 | D:7      | Noticed Joseph
  2125 | D:7      | Slain by Joseph

Illustrated notes

Levels and vault maps discovered:
D:1:      denvon_arrival_planthouse, layout_basic, minmay_ruptured
D:2:      layout_basic, serial_shops, nicolae_shop_tiny_real_fake_doors,
          minmay_tetromino_s4
D:3:      layout_basic, kennysheep_pointless_box, uniq_ijyb
D:4:      layout_cave_pools, marbit_many_paths, minmay_temple_entry_poolview,
          gammafunk_ghost_cemetery
D:7:      layout_loops_cross, mainiacjoe_overflow_brackets,
          nemelex_spade_bored_becter, uniq_joseph

Skill      XL: |  1  2  3  4 |
---------------+-------------+-----
Fighting       | 1 2 |  2.1
Unarmed Combat | 4 |  4.6
Dodging        | |  1.5
Shapeshifting  | |  3.7

Action                     |  1- 3 |  4- 6 || total
---------------------------+-------+-------++-------
  Melee: Unarmed           |    97 |    38 ||   135
         Punch             |       |     1 ||     1
   Stab: Sleeping          |     1 |       ||     1
 Armour: Animal skin       |    74 |    18 ||    92
  Dodge: Dodged            |    47 |    18 ||    65

Table legend: (Time is in decaauts)
 A = Elapsed time spent in this place.
 B = Non-inter-level travel time spent in this place.
 C = Inter-level travel time spent in this place.
 D = Time resting spent in this place.
 E = Time spent auto-exploring this place.
 F = Levels seen in this place.
 G = Mean time per level.
                   A        B        C        D        E       F      G
               +--------+--------+--------+--------+--------+-----+--------+
         Total |   2114 |   2040 |     74 |      0 |   1711 |   5 |  422.8 |
       Dungeon |   2114 |   2040 |     74 |      0 |   1711 |   5 |  422.8 |
               +--------+--------+--------+--------+--------+-----+--------+

Top non-repeatable levels by time:
     D:1: 800 daAuts
     D:2: 679 daAuts
     D:3: 547 daAuts
     D:4: 44 daAuts
     D:7: 42 daAuts
